 Dungeon Crawl Stone Soup version 0.20-a0-3-g334f831 (webtiles) character file.

7494 JeffiDaFish the Blocker (level 11, -3/68 HPs)
             Began as a Gargoyle Fighter on Oct 30, 2016.
             Slain by a death knight
             ... wielding a +3 battleaxe
              (23 damage)
             ... on level 10 of the Dungeon.
             The game lasted 00:30:14 (10153 turns).

JeffiDaFish the Blocker (Gargoyle Fighter)         Turns: 10153, Time: 00:30:15

Health: -3/68      AC: 26    Str: 24    XL:     11   Next: 16%
Magic:  20/20      EV:  6    Int:  7    God:
Gold:   686        SH: 11    Dex:  6    Spells: 0 memorised, 10 levels left

rFire  . . .     SeeInvis .     B - +7 hand axe of Makhleb's Envy {chop, rElec MR++ MP+9 Dex-4}
rCold  . . .     Gourm    .     v - +0 plate armour
rNeg   + . .     Faith    .     c - +0 shield
rPois  ∞         Spirit   .     o - +0 helmet
rElec  +         Reflect  .     (no cloak)
rCorr  .         Harm     .     (no gloves)
MR     +++..                    j - +2 pair of boots
Stlth  ..........               q - amulet of magic regeneration
                                x - +2 ring of strength
                                m - ring of protection from magic

@: very slightly contaminated, hasted, very quick
A: dopey 1, mutation resistance 1, negative energy resistance 1, shaggy fur 1,
electricity resistance, unbreathing, petrification resistance, rot immunity, AC
+7
a: no special abilities


You were on level 10 of the Dungeon.
You were not hungry.

You visited 2 branches of the dungeon, and saw 11 of its levels.
You also visited: Sewer.

You collected 686 gold pieces.

Inventory:

Hand Weapons
 B - the +7 hand axe of Makhleb's Envy (weapon) {chop, rElec MR++ MP+9 Dex-4}
   (You found it on level 6 of the Dungeon)

   It inflicts extra damage upon your enemies.
   It affects your dexterity (-4).
   It insulates you from electricity.
   It affects your resistance to hostile enchantments.
   It affects your magic capacity (+9).
 C - a +3 dire flail of protection
Armour
 c - a +0 shield (worn)
 j - a +2 pair of boots (worn)
 o - a +0 helmet (worn)
 v - a +0 plate armour (worn)
Jewellery
 m - a ring of protection from magic (left hand)
 q - an amulet of magic regeneration (around neck)
 x - a +2 ring of strength (right hand)
Scrolls
 g - a scroll of remove curse
 k - 2 scrolls of amnesia
 l - 2 scrolls of magic mapping
 r - 2 scrolls of recharging
 s - 4 scrolls of identify
 t - 4 scrolls of teleportation
 z - a scroll of fear
 D - 2 scrolls of blinking
Potions
 e - a potion of flight
 n - 8 potions of curing
 w - 4 potions of brilliance
 A - a potion of ambrosia
Comestibles
 a - 3 fruits
 b - a beef jerky
 f - 5 bread rations
 h - 2 slices of pizza
 i - 2 meat rations
 p - 4 chunks of flesh


   Skills:
 * Level 8.1 Fighting
 * Level 8.6(9.6) Axes
 - Level 7.4(9.5) Maces & Flails
 + Level 7.7 Armour
 + Level 1.6 Dodging
 + Level 1.2 Stealth
 + Level 8.7 Shields


You had 10 spell levels left.
You didn't know any spells.

Dungeon Overview and Level Annotations

Branches:
Dungeon (10/15)            Temple (1/1) D:6
   Lair: D:8-11         Orc: D:9-12

Altars:
Ashenzari
Cheibriados
Dithmenos
Elyvilon
Fedhas
Gozag
Hepliaklqana
Kikubaaqudgha
Makhleb
Nemelex Xobeh
Okawaru
Qazlal
Ru
Sif Muna
Trog
Uskayaw
Vehumet
Xom
Yredelemnul
Zin
The Shining One

Shops:
D:4 [   D:5 ?   D:7 %   D:10 ?


Innate Abilities, Weirdness & Mutations

You are resistant to torment.
Your stone body is resilient. (AC +7)
You are immune to poison.
You resist negative energy. (rN+)
You are resistant to electric shocks. (rElec)
You can survive without breathing.
You are immune to petrification.
You are immune to rotting.
You are dopey. (Int -2)
You are somewhat resistant to further mutation.
You are covered in fur. (AC +1)


Message History

The death knight reflects your damage back at you!
Your plate armour prevents you from hitting the death knight.
The death knight is almost dead.
The death knight completely misses you.
The tengu conjurer casts a spell.
The tengu conjurer blinks!
You hit the death knight.
The death knight is almost dead.
The death knight reflects your damage back at you!
You closely miss the death knight.
The death knight is almost dead.
The death knight hits you but does no damage.
You hit the death knight.
The death knight is almost dead.
The death knight reflects your damage back at you!
* * * LOW HITPOINT WARNING * * *
You hit the death knight but do no damage.
The death knight is almost dead.
The death knight hits you with an enchanted battleaxe!!
You die...

#.# #.∩##########
#.#######
########............
.........
....................
.........
..##########'###...
.########
########.## .#
#....##.(.# .# #
##.#####.#### .#
#.##.##.##)##(# ..
#...@)........# ...
#)##p##.##.##.# ...
# ##Y#####.##.# ####


#QZY# #...### ##Y## ##### #W# .......Y...# #.##.##Q##Q# # #.# # You could see a
death knight, 4 yaks, a wraith, a tengu conjurer, a tengu shaped shifter and a
centaur warrior skeleton.

Vanquished Creatures
  The ghost of pokedragonboy the Charlatan, a novice DDFi of Elyvilon (D:8)
  Pikel (D:5)
  Psyche (D:9)
  A freezing wraith (D:10)
  3 trolls
  Grinder (D:6)
  A hornet (D:8)
  2 hippogriffs
  The ghost of Yore the Shield-Bearer, an amateur GrFi (D:4)
  Sigmund (D:2)
  A steam dragon (D:10)
  Menkaure (D:5)
  Edmund (D:6)
  A water moccasin (D:6)
  2 orc warriors
  2 phantoms
  2 necrophages
  An ice beast (D:7)
  A sky beast (D:7)
  3 ogres (D:7)
  2 centaurs
  3 big kobolds
  7 bullfrogs
  A wyvern zombie (D:7)
  2 scorpions
  3 howler monkeys
  8 wights
  2 electric eels (D:9)
  3 crimson imps
  3 orc priests
  3 hounds
  A gnoll shaman (D:8)
  2 centaur skeletons
  2 iguanas
  5 orc wizards
  6 worker ants
  A hound zombie (D:9)
  23 gnolls
  10 adders
  3 shadow imps
  An adder zombie (D:7)
  2 oozes
  2 adder skeletons (D:8)
  5 worms
  4 dart slugs
  2 leopard geckos
  16 orcs
  7 ball pythons
  10 giant cockroaches
  6 goblins
  12 hobgoblins
  18 jackals
  4 quokkas
  8 bats
  9 frilled lizards
  A jackal skeleton (D:8)
  32 kobolds
  A leopard gecko zombie (D:8)
  14 rats
  8 plants (Sewer)
280 creatures vanquished.

Notes
Turn   | Place    | Note
-------+----------+-------------------------------------------
     0 | D:1      | JeffiDaFish the Gargoyle Fighter began the quest for the Orb.
     0 | D:1      | Reached XP level 1. HP: 14/14 MP: 1/1
   149 | D:1      | Reached XP level 2. HP: 19/19 MP: 2/2
   788 | D:1      | Reached XP level 3. HP: 18/23 MP: 3/3
  1098 | D:2      | Reached XP level 4. HP: 27/28 MP: 4/4
  1418 | D:2      | Noticed Sigmund
  1436 | D:2      | Killed Sigmund
  1436 | D:2      | Reached skill level 1 in Dodging
  1436 | D:2      | Reached XP level 5. HP: 7/33 MP: 5/5
  1436 | D:2      | Reached XP level 6. HP: 8/38 MP: 6/6
  2477 | D:3      | Found a glowing golden altar of the Shining One.
  2534 | D:3      | Gained mutation: You are dopey. (Int -2) [potion of mutation]
  2534 | D:3      | Gained mutation: You are covered in fur. (AC +1) [potion of mutation]
  2534 | D:3      | Gained mutation: You are somewhat resistant to further mutation. [potion of mutation]
  3406 | D:4      | Found a white marble altar of Elyvilon.
  3568 | D:4      | Found a deep blue altar of Sif Muna.
  3600 | D:4      | Found Lurchobum's Antique Armour Shoppe.
  3735 | D:4      | Reached XP level 7. HP: 34/43 MP: 7/7
  3749 | D:4      | Reached skill level 5 in Armour
  3855 | D:4      | Noticed Yore's ghost (amateur GrFi)
  3881 | D:4      | Killed Yore's ghost
  3881 | D:4      | Reached skill level 5 in Maces & Flails
  3881 | D:4      | Reached skill level 5 in Shields
  4074 | D:4      | Found a bloodstained altar of Trog.
  4286 | D:5      | Entered Level 5 of the Dungeon
  4373 | D:5      | Found a glowing drain.
  4381 | Sewer    | Entered a sewer
  5434 | D:5      | Found a hazy altar of Hepliaklqana.
  5588 | D:5      | Reached XP level 8. HP: 41/48 MP: 8/8
  5673 | D:5      | Found a shadowy altar of Dithmenos.
  5699 | D:5      | Found Kacadeze's Magic Scroll Shop.
  5769 | D:5      | Noticed Pikel
  5825 | D:5      | Killed Pikel
  5825 | D:5      | Reached skill level 5 in Fighting
  5895 | D:5      | Noticed Menkaure
  5903 | D:5      | Killed Menkaure
  6282 | D:6      | Noticed Grinder
  6321 | D:6      | Found a staircase to the Ecumenical Temple.
  6325 | D:6      | Paralysed by Grinder for 7 turns
  6332 | D:6      | Killed Grinder
  6336 | D:6      | Reached XP level 9. HP: 29/54 MP: 9/9
  6542 | D:6      | Got a faintly glowing hand axe
  6543 | D:6      | Identified the +7 hand axe of Makhleb's Envy {chop, rElec MR++ MP+9 Dex-4} (You found it on level 6 of the Dungeon)
  6563 | D:6      | Noticed Edmund
  6576 | D:6      | Killed Edmund
  6576 | D:6      | Reached skill level 1 in Axes
  6666 | Temple   | Entered the Ecumenical Temple
  7296 | D:7      | Found Lixkaes's Food Emporium.
  8025 | D:7      | Reached skill level 5 in Axes
  8025 | D:7      | Reached XP level 10. HP: 47/61 MP: 10/10
  8308 | D:8      | Noticed pokedragonboy's ghost (novice DDFi)
  8333 | D:8      | Killed pokedragonboy's ghost
  8576 | D:8      | Found a blossoming altar of Fedhas.
  8739 | D:8      | Reached skill level 1 in Stealth
  8838 | D:8      | Found a shattered altar of Ashenzari.
  8839 | D:8      | Found a sparkling altar of Nemelex Xobeh.
  8841 | D:8      | Found a bloodstained altar of Trog.
  8845 | D:8      | Found a hide-covered altar of Uskayaw.
  8850 | D:8      | Found an iron altar of Okawaru.
  8853 | D:8      | Found an ancient bone altar of Kikubaaqudgha.
  8855 | D:8      | Found a glowing silver altar of Zin.
  9298 | D:9      | Noticed Psyche
  9306 | D:9      | Killed Psyche
  9418 | D:9      | Reached XP level 11. HP: 55/68 MP: 11/11
  9516 | D:10     | Entered Level 10 of the Dungeon
  9833 | D:10     | Found Ikhlef's Magic Scroll Shoppe.
 10109 | D:10     | Noticed a death knight
 10153 | D:10     | Slain by a death knight

Vault maps used:
D:1:      elethiomel_arrival_infinity_welcomes_careful_drivers
D:2:      minmay_misc_feat_four_crosses, minmay_octomino_c4, uniq_sigmund
D:3:      marbit_many_paths
D:4:      elyvilon_altar_1, old_standard_altar, serial_shops, shop_fountains,
          nrook_loot_triangle, trog_three_pillars_becter
D:5:      lemuel_coloured_pillars_altar, lemuel_crystal_altar, serial_shops,
          shop_statue, lightli_sewer_entry_pipes, first_bread, uniq_menkaure,
          uniq_pikel
D:6:      uniq_edmund, uniq_grinder
D:7:      kennysheep_six_static_rooms, serial_shops, shop
D:8:      minitemple, fedhas_altar_3
D:9:      uniq_psyche
D:10:     hangedman_cross_veins, david_orc_5, serial_shops, shop, uniq_maurice
Temple:   nicolae_temple_figure_zero
Sewer:    sewer_co_scattered_pipes

Skill      XL: |  1  2  3  4  5  6  7  8  9 10 |
---------------+-------------------------------+-----
Armour         | 4 5 6 7 |  7.7
Fighting       | 4 5 6 8 |  8.1
Maces & Flails | 3 4 5 7 |  7.4
Dodging        | 1 |  1.6
Shields        | 4 5 7 8 |  8.7
Axes           | 5 8 |  8.6
Stealth        | 1 |  1.2

Action                   |  1- 3 |  4- 6 |  7- 9 | 10-12 || total
-------------------------+-------+-------+-------+-------++-------
Melee: Flail             |   129 |   326 |   417 |       ||   872
       Morningstar       |       |       |   173 |       ||   173
       Hand axe          |       |       |   141 |   343 ||   484
  Use: Potion            |     5 |     4 |     5 |     7 ||    21
       Scroll            |     2 |     8 |     4 |     3 ||    17
 Stab: Invisible         |       |       |     4 |       ||     4
  Eat: Chunk             |     1 |     7 |     9 |     8 ||    25
       Bread ration      |       |     1 |       |       ||     1
       Meat ration       |       |       |     1 |       ||     1
Armor: Scale mail        |    96 |   154 |       |       ||   250
       Chain mail        |       |   106 |       |       ||   106
       Plate armour      |       |    36 |   354 |   156 ||   546
Dodge: Dodged            |    49 |   151 |   104 |    53 ||   357
Block: Shield            |    83 |   243 |   310 |   169 ||   805
